 Dungeon Crawl Stone Soup version 0.21.1-1-g345015f (webtiles) character file.

102 shitimlost the Sneak (level 4, 0/34 HPs)
             Began as a Vampire Assassin on Feb 10, 2018.
             Slain by a gnoll
             ... wielding a +0 club
              (7 damage)
             ... on level 3 of the Dungeon.
             The game lasted 00:07:26 (3247 turns).

shitimlost the Sneak (Vampire Assassin)             Turns: 3247, Time: 00:07:27

Health: 0/34       AC:  0    Str: 11    XL:     4   Next: 49%
Magic:  2/4        EV: 20    Int: 13    God:
Gold:   141        SH:  0    Dex: 20    Spells: 3/3 levels left

rFire    . . .     SeeInvis +   (weapon currently unavailable)
rCold    . . .     Gourm    .   (shield currently unavailable)
rNeg     + . .     Faith    .   (armour currently unavailable)
rPois    .         Spirit   .   (helmet currently unavailable)
rElec    .         Reflect  .   (cloak currently unavailable)
rCorr    .         Harm     .   (gloves currently unavailable)
MR       .....                  (boots currently unavailable)
Stlth    ++++++....             (no amulet)
HPRegen  0.11/turn              (ring currently unavailable)
MPRegen  0.09/turn              (ring currently unavailable)

@: bat-form, flying, very quick
A: tiny, fangs 3, see invisible
a: End Transformation


You were on level 3 of the Dungeon.
You were not thirsty.
You were in vampire-bat-form.
You visited 1 branch of the dungeon, and saw 3 of its levels.

You collected 141 gold pieces.

Inventory:

Hand Weapons
 a - a +2 dagger (melded)
 b - a +0 blowgun
 p - a +0 hunting sling
   (You took it off a goblin on level 2 of the Dungeon)
Missiles
 e - 14 poisoned needles
 f - 2 curare-tipped needles {!f}
 r - 44 stones (quivered)
 u - 12 sling bullets
Armour
 c - a +0 robe (melded)
 d - a +1 cloak (melded)
Jewellery
 j - a +2 ring of evasion (melded)
   (You found it on level 1 of the Dungeon)
 s - a ring of resist corrosion (melded)
   (You took it off a hobgoblin on level 2 of the Dungeon)
Scrolls
 i - a scroll of remove curse {@r2}
Potions
 g - a potion of might {unknown}
 h - a potion of magic {unknown}
 k - 2 potions of cancellation {unknown}
 o - a potion of curing {unknown}
 q - 13 potions of blood {@q0}
 t - a potion of brilliance {unknown}


   Skills:
 + Level 2.4 Fighting
 + Level 3.0 Short Blades
 + Level 2.2 Throwing
 + Level 2.3 Dodging
 + Level 6.5 Stealth


You had 3 spell levels left.
You didn't know any spells.

Dungeon Overview and Level Annotations

Branches:
Dungeon (3/15)

Altars:

Annotations:
D:3 Nicoli20's ghost, amateur HONe


Innate Abilities, Weirdness & Mutations

You have razor-sharp teeth.
You have supernaturally acute eyesight. (SInv)
((You can survive without breathing.))


Message History

Aim: a gnoll, wielding a spear of freezing You shoot a sling bullet.
The sling bullet closely misses the gnoll.
The gnoll throws a stone.
The stone closely misses you.
Aim: a gnoll, wielding a spear of freezing You shoot a sling bullet.
The sling bullet hits the gnoll.
The gnoll throws a stone.
The stone hits you.
Aim: a gnoll, wielding a spear of freezing (heavily wounded)
You shoot a sling bullet.
The sling bullet barely misses the gnoll.
The sling bullet hits the gnoll but does no damage.
The gnoll throws a stone.
The stone misses you.
Aim: a gnoll, wielding a whip You shoot a sling bullet.
The sling bullet hits the gnoll.
The gnoll throws a stone.
The stone closely misses you.
The gnoll throws a stone.
The stone hits you.
Aim: a gnoll, wielding a whip (moderately wounded)
You shoot a sling bullet. The sling bullet hits the gnoll.
Aim: a gnoll, wielding a whip (almost dead)
You shoot a sling bullet.
The sling bullet closely misses the gnoll.
The gnoll hits you with a whip.
Unknown command.
Wield which item (- for none, * to show all)? (? for menu, Esc to quit)
a - a +2 dagger (weapon)
The gnoll completely misses you.
You hit the gnoll.
You kill the gnoll!
The gnoll throws a stone.
The stone hits you. The gnoll misses you.
The gnoll throws a stone.
The stone hits you but does no damage.
You see here a stone.
You hit the gnoll. The gnoll hits you with a club!
* * * LOW HITPOINT WARNING * * *
You fail to use your ability.
The gnoll closely misses you.
You fail to use your ability.
The gnoll hits you with a club.
* * * LOW HITPOINT WARNING * * *
The gnoll hits you from afar with a spear of freezing.
* * * LOW HITPOINT WARNING * * *
The gnoll freezes you.
* * * LOW HITPOINT WARNING * * *
You fail to use your ability.
The gnoll hits you with a club.
* * * LOW HITPOINT WARNING * * *
The gnoll hits you but does no damage.
You turn into a vampire bat.
Your +2 dagger melds into your body.
Your +1 cloak melds into your body.
Your +0 robe melds into your body.
Your +2 ring of evasion melds into your body.
Your ring of resist corrosion melds into your body.
The gnoll hits you with a club!
You die...

############.>.....#...
.g...g....(...(.(....).
.##########...#(.#.....
..######....##..## ...
........)#####.(# #
.####.........()# .. ..#
#.#......##g# #..
#.###.##.....##g### ...
#W.##.#......##.b.# ##.#
).......#########.##...#
##.....## #....#
###..### ##..## ....##
##########..# .##.#
#...........# ###.#
#........##..# #.##
#......).# #.#
###..####.....(.)# .#


You could see 2 gnolls.

Vanquished Creatures
  2 gnolls
  2 adders (D:3)
  A dart slug (D:3)
  2 worms
  A leopard gecko (D:1)
  3 orcs (D:3)
  2 ball pythons (D:2)
  4 bats
  3 giant cockroaches
  4 goblins
  2 hobgoblins (D:2)
  6 jackals
  5 kobolds
  4 quokkas
  3 frilled lizards
  8 rats
52 creatures vanquished.

Notes
Turn   | Place    | Note
-------+----------+-------------------------------------------
     0 | D:1      | shitimlost the Vampire Assassin began the quest for the Orb.
     0 | D:1      | Reached XP level 1. HP: 16/16 MP: 1/1
   138 | D:1      | Reached skill level 6 in Stealth
   143 | D:1      | Reached XP level 2. HP: 16/22 MP: 2/2
  1014 | D:2      | Reached XP level 3. HP: 27/27 MP: 3/3
  1501 | D:3      | HP: 1/27 [gnoll/club (3)]
  2654 | D:2      | Reached XP level 4. HP: 25/34 MP: 4/4
  2718 | D:3      | Noticed Nicoli20's ghost (amateur HONe)
  3247 | D:3      | Slain by a gnoll

Skill      XL: |  1  2  3  4 |
---------------+-------------+-----
Stealth        | 6 |  6.5
Fighting       | 2 |  2.4
Throwing       | 2 |  2.2
Dodging        | 2 |  2.3
Short Blades   | 3 |  3.0

Action                   |  1- 3 |  4- 6 || total
-------------------------+-------+-------++-------
Melee: Dagger            |   138 |    34 ||   172
       Bite              |    15 |     1 ||    16
 Fire: Hunting sling     |       |    28 ||    28
 Abil: Bat Form          |     1 |     2 ||     3
       End Transformatio |     1 |     1 ||     2
  Use: Potion            |     6 |     2 ||     8
       Scroll            |     5 |     1 ||     6
 Stab: Sleeping          |     8 |     1 ||     9
Armor: Robe              |    32 |    10 ||    42
Dodge: Dodged            |    85 |    36 ||   121
